Map: Dusty Gorge

Players

Lancer

  • Race: Zerg Zerg
  • League: Diamond
  • Spawn Location: 11:00

Maru

  • Race: Terran Terran
  • Spawn Location: 9:00

IIIIIIIIIIII - Winner!

  • Race: Terran Terran
  • Spawn Location: 3:00

PureLegacy - Winner!

  • Race: Terran Terran
  • Spawn Location: 5:00

VOD

Have the link to the VOD?

Description

Time

  • Played on: Nov. 22, 2018, 8:25 a.m.
  • Length: 4:14
Show
View Real Time Build Order
Export as new Build Order

Lancer Zerg 

Build Orders: Pool First 

Get SALT Encoding   

  12  0:00  Drone  
  13  0:12  Overlord  
  13  0:18  Drone  
  14  0:35  Spawning Pool  
  13  0:39  Drone  
  14  0:44  Extractor  
  14  0:45  Drone  
  14  0:50  Drone  
  14  0:54  Drone  
  16  1:04  Drone  
  17  1:17  Drone  
  18  1:31  Hatchery  
  17  1:35  Drone  
  18  1:42  Overlord  
  18  1:47  Zergling x2  
  19  1:58  Metabolic Boost  
  19  2:00  Zergling x2  
  20  2:08  Queen  
  20  2:14  Zergling x2  
  23  2:18  Zergling x2  
  24  2:27  Zergling x2  
  25  2:43  Queen  
  27  2:58  Drone x2  
  27  2:59  Drone x2  
  27  3:02  Baneling Nest  
  30  3:10  Zergling x6  
  32  3:17  Zergling x2  
  32  3:23  Zergling x2  
  32  3:26  Zergling x2  
  33  3:35  Zergling x2  
  34  3:42  Zergling x4  
  35  3:54  Zergling x8  
  33  3:57  Zergling x6  
Show
View Real Time Build Order
Export as new Build Order

Maru Terran 

Build Orders:  

Get SALT Encoding   

  12  0:00  SCV  
  13  0:13  SCV  
  14  0:18  Supply Depot  
  14  0:25  SCV  
  15  0:31  Refinery  
  15  0:40  SCV  
  16  0:46  Barracks  
  16  0:52  SCV  
  17  1:04  SCV  
  18  1:16  SCV  
  19  1:33  Orbital Command  
  19  1:36  Reaper  
  20  1:52  Factory  
  20  1:58  SCV  
  21  2:07  Supply Depot  
  21  2:10  SCV  
  21  2:12  Reaper  
  22  2:23  Bunker  
  22  2:29  Supply Depot  
  22  2:37  Hellion  
  22  3:03  SCV  
  22  3:04  Hellion  
  24  3:15  SCV  
  23  3:23  Reaper  
  23  3:26  Hellion  
  26  3:47  Refinery  
Show
View Real Time Build Order
Export as new Build Order

IIIIIIIIIIII Terran - Winner!

Build Orders:  

Get SALT Encoding   

  12  0:01  SCV  
  13  0:13  SCV  
  14  0:18  Supply Depot  
  14  0:25  SCV  
  15  0:40  SCV  
  15  0:42  Barracks  
  16  0:52  SCV  
  16  0:53  Refinery  
  17  0:57  Refinery  
  17  1:04  SCV  
  18  1:16  SCV  
  19  1:30  Orbital Command  
  19  1:31  Supply Depot  
  19  1:40  Factory  
  19  1:48  Barracks Reactor  
  19  1:56  SCV  
  20  2:09  SCV  
  20  2:11  Factory  
  21  2:34  SCV  
  21  2:37  Hellion x2, Barracks Tech Lab  
  26  2:42  Supply Depot  
  26  3:01  Hellion x2  
  26  3:04  Cyclone  
  33  3:14  Supply Depot  
  33  3:25  Hellion  
  35  3:39  Cyclone  
Show
View Real Time Build Order
Export as new Build Order

PureLegacy Terran - Winner!

Build Orders:  

Get SALT Encoding   

  12  0:02  SCV  
  13  0:14  SCV  
  13  0:19  Supply Depot  
  14  0:26  SCV  
  15  0:30  Refinery  
  15  0:41  SCV  
  16  0:46  Barracks  
  16  0:53  SCV  
  17  1:05  Barracks  
  17  1:19  Barracks  
  17  1:27  SCV  
  18  1:34  Reaper  
  19  1:41  Orbital Command  
  19  1:53  Refinery  
  19  1:54  Reaper  
  20  2:05  Supply Depot  
  20  2:09  Reaper  
  20  2:11  Reaper  
  22  2:16  SCV  
  23  2:27  Reaper  
  24  2:35  Supply Depot  
  24  2:39  SCV  
  25  2:56  Reaper  
  25  2:57  Reaper  
  25  2:58  SCV  
  27  3:07  Reaper  
  28  3:20  SCV  
  28  3:21  Command Center  
  29  3:28  Reaper  
  30  3:38  Reaper  
  32  3:56  SCV  
  32  4:00  Supply Depot  
  32  4:01  Barracks  
  34  4:03  Barracks  
Tags
 
Add a new tag
Caveats
  • Supply blocks, unpowered buildings, or Contaminate may cause inaccurate times.
  • Supply counts are checked every 10 seconds.